Map: Ultralove

Players

Ryu

  • Race: Protoss Protoss
  • League: Platinum
  • Spawn Location: 7:00

YoSanG - Winner!

  • Race: Terran Terran
  • Spawn Location: 1:00

VOD

Have the link to the VOD?

Description

Time

  • Played on: April 20, 2025, 8:25 a.m.
  • Length: 10:21
Show
View Real Time Build Order
Export as new Build Order

Ryu Protoss 

Build Orders: 1 Gate Expand, Blink Stalkers 

Get SALT Encoding   

  12  0:00  Probe  
  13  0:12  Probe  
  14  0:17  Pylon  
  14  0:24  Probe  
  15  0:41  Probe, Gateway  
  15  0:47  Assimilator  
  15  0:49  Probe  
  17  0:58  Probe  
  18  1:10  Probe  
  19  1:22  Probe  
  20  1:29  Nexus  
  20  1:35  Cybernetics Core  
  21  1:40  Probe  
  21  1:45  Pylon  
  21  1:49  Assimilator  
  21  1:53  Probe  
  22  2:05  Stalker  
  24  2:17  Twilight Council  
  24  2:20  Warp Gate  
  24  2:21  Probe  
  23  2:45  Probe x2  
  23  2:48  Stalker  
  27  2:52  Blink  
  27  2:53  Probe  
  27  2:54  Probe  
  29  3:01  Probe  
  29  3:02  Probe  
  30  3:11  Probe x2  
  31  3:19  Probe  
  33  3:23  Probe  
  33  3:25  Sentry  
  37  3:27  Probe  
  37  3:30  Pylon  
  38  3:36  Gateway x2  
  38  3:43  Gateway  
  38  3:45  Probe  
  38  3:46  Probe  
  40  3:53  Probe  
  40  3:58  Probe  
  40  4:00  Assimilator  
  40  4:01  Probe  
  42  4:04  Pylon  
  42  4:05  Assimilator  
  43  4:10  Probe  
  43  4:13  Stalker, Probe  
  47  4:23  Probe  
  48  4:25  Pylon, Probe  
  49  4:32  Robotics Facility  
  49  4:35  Probe  
  49  4:37  Probe  
  51  4:44  Stalker x2  
  55  4:47  Probe, Phoenix  
  55  4:49  Probe  
  57  4:57  Nexus  
  57  5:00  Pylon  
  43  5:44  Stalker x4  
  43  5:49  Probe  
  50  5:50  Probe  
  50  5:53  Warp Prism  
  50  5:57  Probe, Phoenix, Charge  
  54  6:02  Probe  
  56  6:04  Templar Archives  
  56  6:05  Probe  
  56  6:07  Forge  
  57  6:11  Probe  
  57  6:14  Probe  
  57  6:16  Probe  
  60  6:23  Probe  
  61  6:29  Immortal  
  63  6:40  Psionic Storm, Protoss Ground Weapons Level 1  
  63  6:41  Probe x3  
  63  6:43  Zealot x2  
  63  6:44  Zealot x2  
  74  6:53  Probe  
  75  6:55  Probe  
  75  7:00  Probe  
  77  7:05  Probe x2  
  77  7:07  High Templar x3  
  77  7:08  Observer, Sentry, Probe  
  89  7:17  Probe  
  89  7:21  Probe x2  
  91  7:26  Assimilator  
  91  7:27  Probe  
  93  7:30  Assimilator  
  93  7:37  Pylon  
  93  7:40  Gateway  
  93  7:45  Gateway  
  93  7:47  Gateway  
  93  7:48  Gateway  
  93  7:55  Immortal  
  93  7:57  Probe x3  
  100  7:59  Pylon  
  100  8:09  Probe  
  101  8:13  Pylon  
  101  8:17  Probe x2  
  103  8:20  Zealot x3  
  109  8:31  Probe x2  
  109  8:32  Nexus  
  109  8:33  Pylon  
  111  8:38  Zealot x2  
  111  8:47  Archon  
  101  8:52  Zealot x4  
  101  8:53  Zealot  
  87  8:59  High Templar  
  87  9:02  Zealot x2  
  91  9:03  High Templar  
  91  9:04  Probe x3  
  96  9:16  High Templar  
  98  9:18  High Templar x3  
  98  9:19  High Templar  
  106  9:25  Robotics Facility  
  106  9:28  Robotics Bay, Zealot  
  106  9:29  Zealot  
  106  9:30  Immortal  
  114  9:38  Probe x2  
  116  9:40  Zealot  
  114  9:46  Pylon  
  114  9:47  Pylon  
  114  9:49  Pylon  
  92  9:52  Archon  
  92  9:54  Zealot  
  92  9:55  Zealot x2  
  92  9:57  Zealot x4  
  82  10:03  Zealot x4  
  72  10:19  Zealot x2  
Show
View Real Time Build Order
Export as new Build Order

YoSanG Terran - Winner!

Build Orders: Reaper Expand 

Get SALT Encoding   

  12  0:07  SCV  
  13  0:17  Supply Depot  
  13  0:20  SCV  
  14  0:32  SCV  
  15  0:41  Barracks  
  15  0:45  Refinery, SCV  
  16  0:57  SCV  
  17  1:09  SCV  
  18  1:21  SCV  
  19  1:30  Reaper  
  20  1:35  Orbital Command  
  20  1:41  Command Center  
  20  1:55  Supply Depot  
  20  2:01  SCV  
  20  2:06  Barracks Reactor  
  21  2:10  Refinery  
  21  2:14  SCV  
  22  2:25  Factory  
  22  2:26  SCV  
  23  2:38  SCV  
  24  2:50  SCV  
  24  2:55  Orbital Command  
  24  2:58  Barracks Tech Lab  
  24  3:02  SCV, Bunker  
  25  3:14  SCV  
  26  3:21  SCV  
  26  3:24  Hellion  
  26  3:25  Hellion  
  26  3:26  SCV  
  32  3:27  Marine  
  32  3:29  Starport  
  33  3:34  Supply Depot  
  33  3:36  SCV  
  34  3:46  Hellion x2  
  34  3:47  Marine  
  34  3:48  Supply Depot  
  39  3:50  SCV x2  
  42  4:02  SCV  
  42  4:04  Supply Depot  
  42  4:06  SCV, Medivac  
  45  4:14  SCV  
  46  4:18  SCV, Supply Depot, Hellion x2  
  46  4:19  Barracks  
  46  4:20  Barracks  
  46  4:22  Marine  
  46  4:23  Stimpack  
  52  4:27  SCV  
  52  4:30  SCV  
  54  4:31  Refinery  
  54  4:50  SCV x2  
  56  4:58  Barracks  
  56  4:59  Factory Tech Lab  
  56  5:02  SCV  
  56  5:03  SCV  
  58  5:08  Command Center  
  56  5:32  SCV x2  
  54  5:44  SCV x2  
  50  5:50  Marine, Barracks Reactor x2  
  50  5:51  Refinery  
  50  5:52  Siege Tank  
  50  5:55  Engineering Bay  
  50  5:56  Engineering Bay, SCV x2  
  56  5:57  Starport Reactor  
  56  6:02  Barracks  
  56  6:04  Barracks  
  56  6:07  Supply Depot  
  56  6:08  Marine  
  56  6:09  Supply Depot  
  57  6:17  SCV x2  
  59  6:21  Marine x2  
  59  6:23  Orbital Command  
  59  6:24  Siege Tank  
  64  6:26  Marine  
  64  6:28  Missile Turret, Terran Infantry Weapons Level 1  
  63  6:38  Marine  
  64  6:42  Marine x5  
  64  6:44  Marine  
  70  6:49  Missile Turret  
  70  6:55  Missile Turret  
  70  6:56  Marine, Siege Tank  
  70  6:58  Barracks Tech Lab x2  
  70  6:59  Marine x2, Combat Shield  
  70  7:01  Marine, Medivac  
  77  7:02  Marauder  
  77  7:03  Marine  
  77  7:05  SCV x3  
  85  7:14  Armory  
  85  7:16  Medivac  
  85  7:17  Marine  
  85  7:18  Marine  
  85  7:19  Marauder x2  
  85  7:20  Marine x3, Concussive Shells  
  85  7:21  Marine  
  97  7:31  Siege Tank  
  100  7:40  Orbital Command  
  100  7:48  Marine x2  
  100  7:49  Marine x5, Marauder  
  109  7:51  Refinery  
  109  7:55  Refinery  
  109  7:57  Supply Depot  
  109  7:58  Supply Depot  
  109  8:03  Supply Depot  
  109  8:14  Marine, SCV x2, Medivac, Siege Tank  
  109  8:18  Terran Infantry Armor Level 1  
  109  8:19  Marine x3, SCV  
  121  8:21  Supply Depot x2  
  121  8:22  Terran Vehicle Weapons Level 1, Supply Depot  
  121  8:26  SCV x2  
  123  8:28  Marine x2  
  123  8:29  Marauder  
  123  8:31  SCV  
  128  8:38  SCV x2  
  129  8:43  SCV  
  109  8:58  Marine x6, Marauder  
  109  8:59  SCV x2, Marauder x2  
  109  9:00  SCV  
  122  9:06  Missile Turret  
  122  9:08  Supply Depot  
  122  9:10  Siege Tank  
  122  9:16  Marine x6  
  131  9:19  Marine  
  131  9:20  Marine, SCV x3, Marauder  
  131  9:22  Medivac x2  
  142  9:33  Marine x2  
  142  9:34  Marine x4  
  142  9:38  Supply Depot, Marauder x2  
  152  9:39  SCV  
  152  9:41  Marine  
  152  9:42  Siege Tank  
  155  9:51  Marine x3  
  155  9:52  Marine, Command Center  
  141  10:01  Marine x4  
  141  10:03  SCV x3  
Tags
 
Add a new tag
Caveats
  • Supply blocks, unpowered buildings, or Contaminate may cause inaccurate times.
  • Supply counts are checked every 10 seconds.